 Dungeon Crawl Stone Soup version 0.23.2-40-g277498a001 (webtiles) character file.

Game seed: 3027641725121989462

86 Hylith the Skirmisher (level 4, 0/45 HPs)
             Began as a Troll Fighter on Aug 14, 2019.
             Slain by a hobgoblin
             ... wielding a +3 rapier
             ... led by Robin
              (4 damage)
             ... on level 2 of the Dungeon.
             The game lasted 00:01:59 (1025 turns).

Hylith the Skirmisher (Troll Fighter)               Turns: 1025, Time: 00:01:59

Health: 0/45       AC:  6    Str: 25    XL:     4   Next: 26%
Magic:  3/3        EV:  8    Int:  4    God:
Gold:   97         SH:  9    Dex:  9    Spells: 3/3 levels left

rFire    . . .     SeeInvis .     - Unarmed
rCold    . . .     Gourm    +   b - +0 shield
rNeg     . . .     Faith    .   a - +0 robe
rPois    .         Spirit   .   (helmet restricted)
rElec    .         Reflect  .   (no cloak)
rCorr    .         Harm     .   (gloves unavailable)
MR       .....                  (boots unavailable)
Stlth    +.........             (no amulet)
HPRegen  0.55/turn              (no ring)
MPRegen  0.08/turn              (no ring)

@: no status effects
A: large, unfitting armour, claws 3, fast metabolism 3, gourmand, regeneration
1, shaggy fur 1, tough skin 3
a: no special abilities


You were on level 2 of the Dungeon.
You were completely stuffed.

You visited 1 branch of the dungeon, and saw 2 of its levels.

You collected 97 gold pieces.

Inventory:

Armour
 a - a +0 robe (worn)
 b - a +0 shield (worn)
Scrolls
 g - a scroll of immolation {unknown}
 i - a scroll of noise {unknown}
 l - 2 scrolls of remove curse {unknown}
 m - a scroll of random uselessness {unknown}
Potions
 c - a potion of might
 e - 2 potions of heal wounds {unknown}
 f - a potion of cancellation {unknown}
 j - a potion of degeneration {unknown}
 k - 2 potions of lignification {unknown}
 n - a potion of mutation {unknown}
Comestibles
 d - 7 rations


   Skills:
 + Level 3.0 Fighting
 + Level 2.9 Dodging
 + Level 3.0 Shields
 + Level 2.8 Unarmed Combat


You had 3 spell levels left.
You didn't know any spells.
Your spell library was empty.

Dungeon Overview and Level Annotations

Branches:
Dungeon (2/15)

Altars:

Annotations:
D:2 1 runed translucent door, Crazy Yiuf


Innate Abilities, Weirdness & Mutations

You are too large for most types of armour.
You have claws for hands.
Your metabolism is lightning-fast.
You like to eat raw meat.
Your natural rate of healing is unusually fast.
You are covered in fur. (AC +1)
You have extremely tough skin. (AC +3)


Message History

You claw the hobgoblin!
You kill the hobgoblin!
The goblin no longer looks unusually strong.
The hobgoblin hits you with a +3 rapier.
* * * LOW HITPOINT WARNING * * *
The goblin barely misses you.
Items here: )) [[ ††† Unknown command.
You closely miss the hobgoblin.
The hobgoblin hits you with a +3 rapier.
* * * LOW HITPOINT WARNING * * *
You closely miss the hobgoblin.
The hobgoblin hits you with a +3 rapier.
* * * LOW HITPOINT WARNING * * *
Your shield prevents you from hitting the hobgoblin.
You block the hobgoblin's attack.
Unknown command.
You closely miss the hobgoblin.
The hobgoblin hits you with a +3 rapier.
You die...

.##..#...##. ...
###..##.## $.# ##
#.....# ######g## .
##.#..###.......#.# #
#.......[...##..#.##.#
#..#....#.#.##g).....#
#.......#.#....)..#
#.##........)##.###
#.####..#...gg@g#
#.####......#####
#.......#####
######### ##### ....#
###.# #.# ###.###


You could see 2 hobgoblins and a goblin.

Vanquished Creatures
  Robin (D:2)
  An adder (D:2)
  An ooze (D:2)
  A worm (D:2)
  3 dart slugs
  3 leopard geckos
  8 goblins
  9 hobgoblins
  4 jackals (D:2)
  5 kobolds
  2 bats (D:1)
  4 frilled lizards
  5 rats
47 creatures vanquished.

Notes
Turn   | Place    | Note
-------+----------+-------------------------------------------
     0 | D:1      | Hylith the Troll Fighter began the quest for the Orb.
     0 | D:1      | Reached XP level 1. HP: 22/22 MP: 0/0
    70 | D:1      | Reached XP level 2. HP: 29/29 MP: 1/1
   485 | D:2      | Reached XP level 3. HP: 34/36 MP: 2/2
   629 | D:2      | Found a runed translucent door.
   630 | D:2      | Noticed Crazy Yiuf
   998 | D:2      | Noticed Robin
  1001 | D:2      | Reached XP level 4. HP: 43/44 MP: 3/3
  1013 | D:2      | Killed Robin
  1025 | D:2      | Slain by a hobgoblin

Skill      XL: |  1  2  3  4 |
---------------+-------------+-----
Fighting       | 3 |  3.0
Shields        | 3 |  3.0
Dodging        | |  2.9
Unarmed Combat | |  2.8

Action                   |  1- 3 |  4- 6 || total
-------------------------+-------+-------++-------
Melee: Unarmed           |   134 |    20 ||   154
  Eat: Chunk             |    15 |       ||    15
Armor: Robe              |    32 |     9 ||    41
Dodge: Dodged            |    38 |    10 ||    48
Block: Shield            |    70 |     6 ||    76
